 Dungeon Crawl Stone Soup version 0.30.1-4-g462c640d31 (webtiles) character file.

Game seed: 8028939995755657655

123 Bobit the Grasshopper (level 5, 0/43 HPs)
             Began as a Gnoll Warper on Aug 13, 2023.
             Slain by a goblin
             ... wielding the +4 dagger of Fury {flame, rF+}
              (1 damage)
             ... on level 3 of the Dungeon.
             The game lasted 00:07:18 (2760 turns).

Bobit the Grasshopper (Gnoll Warper)                Turns: 2760, Time: 00:07:19

Health: 0/43       AC:  3    Str: 10    XL:     5   Next: 7%
Magic:  12/12      EV: 13    Int: 13    God:
Gold:   98         SH:  0    Dex: 13    Spells: 12/14 levels left

rFire   . . .        v - +2 dagger (speed)
rCold   . . .        (no shield)
rNeg    . . .        b - +0 leather armour
rPois   .            (no helmet)
rElec   .            (no cloak)
rCorr   .            (no gloves)
SInv    .            (no boots)
Will    .....        (no amulet)
Stlth   +            (no ring)
HPRegen 0.27/turn    (no ring)
MPRegen 0.13/turn

%: no passive effects
@: no status effects
A: fangs 1, strong nose, distributed training
a: no special abilities


You were on level 3 of the Dungeon.
You visited 1 branch of the dungeon, and saw 3 of its levels.

You collected 98 gold pieces.

Inventory:

Hand Weapons
 a - a +0 falchion
 q - a +2 short sword of venom
 s - a +3 hand axe
 t - a +0 long sword
 v - a +2 dagger of speed (weapon)
Missiles
 d - 7 boomerangs of dispersal (quivered)
Armour
 b - a +0 leather armour (worn)
 u - a +0 leather armour
Magical Staves
 r - a staff of cold
Scrolls
 c - a scroll of blinking
 f - a scroll of magic mapping {unknown}
 g - 2 scrolls of brand weapon {unknown}
 k - a scroll of enchant weapon {unknown}
 m - 5 scrolls of identify {unknown}
 n - a scroll of noise {unknown}
 p - 2 scrolls of teleportation {unknown}
Potions
 e - a potion of heal wounds
 h - a potion of cancellation {unknown}
 i - a potion of magic {unknown}
 j - a potion of might {unknown}
 l - a potion of curing {unknown}
 o - a potion of resistance {unknown}
 w - 2 potions of degeneration {unknown}


   Skills:
 + Level 4.7 Fighting
 + Level 1.4 Short Blades
 + Level 4.7 Long Blades
 + Level 1.4 Axes
 + Level 1.4 Maces & Flails
 + Level 1.4 Polearms
 + Level 1.4 Staves
 + Level 1.4 Ranged Weapons
 + Level 2.9 Throwing
 + Level 2.9 Armour
 + Level 4.7 Dodging
 + Level 1.4 Stealth
 + Level 1.4 Shields
 + Level 1.4 Unarmed Combat
 + Level 5.1 Spellcasting
 + Level 1.1 Conjurations
 + Level 1.1 Hexes
 + Level 1.1 Summonings
 + Level 1.1 Necromancy
 + Level 5.5 Translocations
 + Level 1.1 Transmutations
 + Level 1.1 Fire Magic
 + Level 1.1 Ice Magic
 + Level 1.1 Air Magic
 + Level 1.1 Earth Magic
 + Level 1.1 Poison Magic
 + Level 1.5 Invocations
 + Level 1.4 Evocations


You had 12 spell levels left.
You knew the following spells:

 Your Spells              Type           Power      Damage    Failure   Level
a - Blink                 Tloc           34%        N/A       3%          2

Your spell library contained the following spells:

 Spells                   Type           Power      Damage    Failure   Level
 Lesser Beckoning         Tloc           34%        N/A       3%          2
 Teleport Other           Tloc           17%        N/A       8%          3
 Vhi's Electric Charge    Tloc/Air       24%        N/A       19%         3
 Manifold Assault         Tloc           17%        N/A       24%         4
 Stone Arrow              Conj/Erth      12%        3d7       41%         3
 Animate Armour           Summ/Erth      12%        N/A       83%         4
 Lehudib's Crystal Spear  Conj/Erth      3%         10d2      100%        8


Dungeon Overview and Level Annotations

Branches:
Dungeon (3/15)

Altars:
Qazlal


Innate Abilities, Weirdness & Mutations

You have very sharp teeth.
Your uncanny sense of smell can sniff out nearby items.
Your experience applies equally to all skills.


Message History

The orc wizard mumbles some strange words.
The orc wizard flickers and vanishes!
Deactivating autopickup; reactivate with Ctrl-A.
The orc falls through a shaft!
The shaft crumbles and collapses.
The orc throws a boomerang.
The boomerang hits you.
The orc wizard casts a spell.
The orc wizard flickers and vanishes!
The orc throws a boomerang.
The boomerang closely misses you.
Found a scroll labelled XIOTET GOAMOJOI.
Found a scroll labelled IQUCSA BONUROCK.
A goblin comes into view.
It is wielding the +4 dagger of Fury {flame, rF+}.
The goblin shouts!
You hear a bark!
A puff of flame appears from out of thin air!
The puff of flame misses you.
The orc throws a boomerang.
The boomerang barely misses you. The goblin hits you but does no damage.
A magic dart appears from out of thin air!
The magic dart hits you! The goblin attacks as you move away!
The goblin hits you with the +4 dagger of Fury {flame, rF+}.
* * * LOW HITPOINT WARNING * * *
The goblin burns you.
* * * LOW HITPOINT WARNING * * *
The goblin attacks as you move away! The goblin closely misses you.
The goblin attacks as you move away!
The goblin hits you with the +4 dagger of Fury {flame, rF+}.
* * * LOW HITPOINT WARNING * * *
The goblin burns you.
* * * LOW HITPOINT WARNING * * *
Found a stone staircase leading down.
The goblin attacks as you move away!
The goblin hits you with the +4 dagger of Fury {flame, rF+}.
* * * LOW HITPOINT WARNING * * *
The goblin burns you.
* * * LOW HITPOINT WARNING * * *
The goblin attacks as you move away!
The goblin hits you with the +4 dagger of Fury {flame, rF+}.
* * * LOW HITPOINT WARNING * * *
The goblin burns you.
You die...

##... #.#.###
#. #.#
#.#...# #.
#.#.##.#.#.##
#. #
#.........##
#.
######.##..#
.. #.o...# ..
###.#.## #. ∆
#g#..##.#. ##
#.@.......
#.###..>##
#.### ...#
... #....
.....# #
#####
#.###### # ∆


You could see an orc and a goblin.

Vanquished Creatures
  An orc wizard (D:3)
  An adder (D:1)
  3 worms
  2 dart slugs
  4 orcs (D:3)
  6 endoplasms
  A giant cockroach (D:1)
  5 hobgoblins
  2 jackals (D:2)
  2 ball pythons
  6 bats
  4 frilled lizards
  6 goblins
  7 kobolds
  5 rats
55 creatures vanquished.

Vanquished Creatures (others)
  An orc wizard (D:3)
1 creature vanquished.

Grand Total: 56 creatures vanquished

Notes
Turn   | Place    | Note
-------+----------+-------------------------------------------
     0 | D:1      | Bobit the Gnoll Warper began the quest for the Orb.
     0 | D:1      | Reached XP level 1. HP: 20/20 MP: 6/6
   110 | D:1      | Reached XP level 2. HP: 16/26 MP: 7/7
   295 | D:1      | Learned a level 2 spell: Blink
   589 | D:1      | Reached skill level 5 in Spellcasting
   589 | D:1      | Reached XP level 3. HP: 31/31 MP: 7/9
  1086 | D:2      | Reached skill level 1 in Invocations
  1425 | D:2      | HP: 1/31 [worm (7)]
  1494 | D:1      | Reached skill level 1 in Short Blades
  1494 | D:1      | Reached skill level 1 in Axes
  1494 | D:1      | Reached skill level 1 in Maces & Flails
  1494 | D:1      | Reached skill level 1 in Polearms
  1494 | D:1      | Reached skill level 1 in Staves
  1494 | D:1      | Reached skill level 1 in Ranged Weapons
  1494 | D:1      | Reached skill level 1 in Stealth
  1494 | D:1      | Reached skill level 1 in Shields
  1494 | D:1      | Reached skill level 1 in Unarmed Combat
  1494 | D:1      | Reached skill level 1 in Evocations
  1946 | D:2      | Reached XP level 4. HP: 28/38 MP: 11/11
  2463 | D:3      | Reached skill level 1 in Conjurations
  2463 | D:3      | Reached skill level 1 in Hexes
  2463 | D:3      | Reached skill level 1 in Summonings
  2463 | D:3      | Reached skill level 1 in Necromancy
  2463 | D:3      | Reached skill level 1 in Transmutations
  2463 | D:3      | Reached skill level 1 in Fire Magic
  2463 | D:3      | Reached skill level 1 in Ice Magic
  2463 | D:3      | Reached skill level 1 in Air Magic
  2463 | D:3      | Reached skill level 1 in Earth Magic
  2463 | D:3      | Reached skill level 1 in Poison Magic
  2643 | D:3      | Found a stormy altar of Qazlal.
  2691 | D:3      | Reached XP level 5. HP: 33/43 MP: 12/12
  2745 | D:3      | Identified the +4 dagger of Fury {flame, rF+}
  2760 | D:3      | HP: 1/43 [goblin/the +4 dagger of Fury {flame, rF+} (5)]
  2760 | D:3      | Slain by a goblin

Illustrated notes

Levels and vault maps discovered:
D:1:      minmay_arrival_wavy_path, layout_loops_ring
D:2:      minmay_angry_zag, layout_basic
D:3:      layout_basic, nicolae_qazlal_eye_of_the_storm, minmay_pentangle

Skill      XL: |  1  2  3  4 |
---------------+-------------+-----
Spellcasting   | 5 |  5.1
Invocations    | 1 |  1.5
Short Blades   | 1 |  1.4
Axes           | 1 |  1.4
Maces & Flails | 1 |  1.4
Polearms       | 1 |  1.4
Staves         | 1 |  1.4
Ranged Weapons | 1 |  1.4
Stealth        | 1 |  1.4
Shields        | 1 |  1.4
Unarmed Combat | 1 |  1.4
Evocations     | 1 |  1.4
Conjurations   | 1 |  1.1
Hexes          | 1 |  1.1
Summonings     | 1 |  1.1
Necromancy     | 1 |  1.1
Transmutations | 1 |  1.1
Fire Magic     | 1 |  1.1
Ice Magic      | 1 |  1.1
Air Magic      | 1 |  1.1
Earth Magic    | 1 |  1.1
Poison Magic   | 1 |  1.1
Fighting       | |  4.7
Long Blades    | |  4.7
Throwing       | |  2.9
Armour         | |  2.9
Dodging        | |  4.7
Translocations | |  5.5

Action                     |  1- 3 |  4- 6 || total
---------------------------+-------+-------++-------
  Melee: Falchion          |   158 |     8 ||   166
         Bite              |    18 |     6 ||    24
         Dagger            |       |    51 ||    51
         Short sword       |       |    11 ||    11
         Punch             |       |     1 ||     1
   Cast: Blink             |     6 |     3 ||     9
    Use: Potion            |       |     1 ||     1
   Stab: Sleeping          |     1 |       ||     1
 Armour: Leather armour    |    49 |    14 ||    63
  Dodge: Dodged            |   124 |    39 ||   163
